 Dungeon Crawl Stone Soup version 0.20.0-10-g0535bb4 (webtiles) character file.

486 MTVSty1e the Spear-Bearer (level 7, -11/85 HPs)
             Began as a Merfolk Fighter on June 4, 2017.
             Killed by divine providence
             ... invoked by an orc priest
              (15 damage)
             ... on level 4 of the Dungeon.
             The game lasted 00:05:57 (2745 turns).

MTVSty1e the Spear-Bearer (Merfolk Fighter)         Turns: 2745, Time: 00:05:58

Health: -11/85     AC: 23    Str: 17 (18) XL:     7   Next: 13%
Magic:  7/7        EV:  2    Int:  6 (8)  God:
Gold:   182        SH: 10    Dex: 12 (13) Spells: 6/6 levels left

rFire    . . .     SeeInvis .   a - +0 trident
rCold    . . .     Gourm    .   c - +0 shield
rNeg     + + +     Faith    .   (armour currently unavailable)
rPois    +         Spirit   .   (helmet currently unavailable)
rElec    .         Reflect  +   (cloak currently unavailable)
rCorr    .         Harm     .   (gloves currently unavailable)
MR       .....     NoTele   +   (boots currently unavailable)
Stlth    +.........             s - +2 amulet of reflection
Regen    0.3/turn               (no ring)
MPRegen  0.1/turn               (no ring)

@: tree-form, drained
A: (change form in water), (swift swim), (stealthy swim)
a: no special abilities


You were on level 4 of the Dungeon.
You were hungry.
You were a tree.
You visited 1 branch of the dungeon, and saw 4 of its levels.

You collected 182 gold pieces.

Inventory:

Hand Weapons
 a - a +0 trident (weapon)
Armour
 b - a +0 scale mail (melded)
 c - a +0 shield (worn)
 l - a +0 pair of gloves (melded)
 p - a +0 helmet (melded)
Jewellery
 q - an uncursed amulet of magic regeneration
 s - a +2 amulet of reflection (around neck)
Scrolls
 g - a scroll of fear
 i - a scroll of recharging
 m - a scroll of remove curse {unknown}
 r - 3 scrolls of enchant weapon {unknown}
 t - a scroll of identify {unknown}
Comestibles
 f - 5 bread rations


   Skills:
 + Level 5.7(5.2) Fighting
 * Level 8.8(8.2) Polearms
 - Level 2.1(1.7) Armour
 - Level 3.0(2.5) Shields


You had 6 spell levels left.
You didn't know any spells.

Dungeon Overview and Level Annotations

Branches:
Dungeon (4/15)
 Temple: D:4-7

Altars:
Gozag


Message History

The orc is severely wounded.
You feel sick.
You are no longer poisoned.
The orc hits you but does no damage.
You puncture the orc!
You kill the orc!
You block the orc's attack.
You barely miss the orc. You closely miss the orc.
The orc hits you but does no damage.
You puncture the orc!
You kill the orc!
You hit the orc but do no damage. You block the orc's attack.
You hit the orc.
The orc is heavily wounded.
The orc hits you but does no damage.
You hit the orc.
The orc is heavily wounded.
The orc priest invokes the aid of Beogh against you.
Beogh smites you!
You die...

#.# #. )....#
#.#####.#.#...#
#.........#####
##.........#
#..........#
#..........#
#.....>...># #
...........#######..#
............ooo♣..?#
.........###########
.<......(# .........#
.........# ##########


You could see an orc priest and 2 orcs.

Vanquished Creatures
  Duvessa (D:4)
  Dowan (D:4)
  A scorpion (D:4)
  A howler monkey (D:4)
  2 orc wizards (D:4)
  A hound (D:4)
  A killer bee zombie (D:4)
  7 adders
  2 worms
  3 dart slugs
  3 leopard geckos
  7 orcs (D:4)
  2 bats
  2 giant cockroaches
  5 goblins
  3 hobgoblins
  3 jackals (D:1)
  3 kobolds
  A quokka (D:3)
  2 frilled lizards
  4 rats
55 creatures vanquished.

Notes
Turn   | Place    | Note
-------+----------+-------------------------------------------
     0 | D:1      | MTVSty1e the Merfolk Fighter began the quest for the Orb.
     0 | D:1      | Reached XP level 1. HP: 18/18 MP: 1/1
   324 | D:1      | Reached XP level 2. HP: 24/24 MP: 2/2
   483 | D:1      | Reached skill level 4 in Polearms
   769 | D:1      | Reached XP level 3. HP: 29/30 MP: 3/3
  1051 | D:2      | Found an opulent altar of Gozag.
  1261 | D:2      | Reached skill level 5 in Polearms
  1261 | D:2      | Reached XP level 4. HP: 23/37 MP: 4/4
  2186 | D:4      | Reached skill level 6 in Polearms
  2186 | D:4      | Reached XP level 5. HP: 14/43 MP: 5/5
  2517 | D:4      | Noticed Duvessa
  2517 | D:4      | Noticed Dowan
  2538 | D:4      | Killed Duvessa
  2538 | D:4      | Reached skill level 5 in Fighting
  2538 | D:4      | Reached skill level 7 in Polearms
  2538 | D:4      | Reached XP level 6. HP: 37/51 MP: 6/6
  2547 | D:4      | Killed Dowan
  2657 | D:4      | Reached skill level 8 in Polearms
  2724 | D:4      | HP: 2/51 [orc priest/divine providence (12)]
  2730 | D:4      | HP: 2/76 [poisoned by an adder]
  2732 | D:4      | Reached XP level 7. HP: 3/57 MP: 7/7
  2738 | D:4      | HP: 2/85 [poisoned by an adder]
  2745 | D:4      | Killed from afar by an orc priest

Skill      XL: |  1  2  3  4  5  6 |
---------------+-------------------+-----
Polearms       | 4 5 6 7 8 |  8.8
Fighting       | 4 5 |  5.7
Armour         | |  2.1
Shields        | |  3.0

Action                   |  1- 3 |  4- 6 |  7- 9 || total
-------------------------+-------+-------+-------++-------
Melee: Trident           |   124 |   138 |    13 ||   275
  Use: Potion            |       |     8 |       ||     8
       Scroll            |       |     4 |       ||     4
  Eat: Fruit             |     1 |     2 |       ||     3
       Royal jelly       |       |     1 |       ||     1
       Chunk             |       |     1 |       ||     1
Armor: Scale mail        |    72 |    52 |       ||   124
       Skin              |       |     1 |     3 ||     4
Dodge: Dodged            |    42 |    26 |       ||    68
Block: Shield            |    65 |    61 |     3 ||   129
       Reflection        |       |     2 |       ||     2
